 Dungeon Crawl Stone Soup version 0.29-a0-542-g075992c915 (console) character file.

Game seed: 14858986876735585783

299 FIQ the Magician (level 6, -6/40 HPs)
             Began as a Djinni Conjurer on June 3, 2022.
             Was a Plaything of Xom.
             Killed by divine providence
             ... invoked by an orc priest
              (14 damage)
             ... on level 4 of the Dungeon.
             The game lasted 00:04:37 (4490 turns).

FIQ the Magician (Djinni Conjurer)                  Turns: 4490, Time: 00:04:37

Health: -6/40      AC:  3    Str:  6    XL:     6   Next: 63%
Gold:   151        EV: 12    Int: 21    God:    Xom [..*...] SH:  0 Dex: 12

rFire   + . .      SeeInvis .   (no weapon)
rCold   . . .      Faith    .   (no shield)
rNeg    . . .      Spirit   .   a - +0 robe
rPois   ∞          Reflect  .   (no helmet)
rElec   .          Harm     .   (no cloak)
rCorr   .          Rampage  .   j - +0 pair of gloves
Will    .....                   (boots unavailable)
Stlth   ++........              (no amulet)
HPRegen 0.13/turn               p - ring of ice
MPRegen 0.00/turn               (no ring)

@: flying
A: sickness immunity, fire resistance 2, cold vulnerability 1, float, innate
caster, HP casting, extra vitality 1
a: Renounce Religion


You were on level 4 of the Dungeon.
You worshipped Xom.
You were a toy of Xom.
You visited 1 branch of the dungeon, and saw 4 of its levels.

You collected 151 gold pieces.

Inventory:

Armour
 a - a +0 robe (worn)
 j - a +0 pair of gloves (worn)
Jewellery
 p - a ring of ice (left hand)
Scrolls
 b - 2 scrolls of identify {unknown}
 c - 2 scrolls of teleportation {unknown}
 d - a scroll of enchant armour {unknown}
 e - 2 scrolls of blinking {unknown}
 g - a scroll of acquirement {unknown}
 h - a scroll of poison {unknown}
 l - a scroll of magic mapping {unknown}
 o - a scroll of enchant weapon {unknown}
Potions
 f - a potion of ambrosia
 i - 4 potions of curing
 k - a potion of attraction {unknown}
 m - a potion of might {unknown}
 n - a potion of cancellation {unknown}
 q - a potion of brilliance {unknown}


   Skills:
 - Level 2.1 Dodging
 - Level 1.5 Stealth
 + Level 5.8 Spellcasting


You couldn't memorise any spells.
You knew the following spells:

 Your Spells              Type           Power      Damage    Failure   Level
a - Magic Dart            Conj           100%       1d8       1%          1
b - Searing Ray           Conj           60%        2d6       1%          2
c - Dazzling Flash        Conj/Hex       60%        N/A       2%          3
d - Fulminant Prism       Conj/Hex       15%        3d11      9%          4
e - Iskenderun's Mystic   Conj/Tloc      30%        2d8       9%          4
f - Sandblast             Erth           60%        2d14      1%          1
g - Blink                 Tloc           60%        N/A       1%          2
Your spell library was empty.

Dungeon Overview and Level Annotations

Branches:
Dungeon (4/15)
 Temple: D:4-7

Altars:
Wu Jian
Xom


Innate Abilities, Weirdness & Mutations

You are immune to sickness and miasma.
You are immune to poison.
Your flesh is very heat resistant. (rF++)
You are vulnerable to cold. (rC-)
You float through the air rather than walking.
You learn spells naturally, not from books.
Your magical power is your life essence.
You have superior vitality. (+4 MHP)


Message History

The searing ray hits the endoplasm.
You kill the endoplasm! (Press . to maintain the ray.)
* * * LOW HITPOINT WARNING * * *
An endoplasm is nearby!
Okay, then.
Casting: Searing Ray (safe; 1% risk of failure)
Confirm with . or Enter, or press ? or * to list all spells.
Aiming: Searing Ray (safe; 1% risk of failure)
Press: ? - help, Shift-Dir - straight line, f - endoplasm
Aim: an endoplasm (98% to hit)
The searing ray hits the endoplasm.
You kill the endoplasm! (Press . to maintain the ray.)
* * * LOW HITPOINT WARNING * * *
A sky beast comes into view.
Casting: Searing Ray (safe; 1% risk of failure)
Confirm with . or Enter, or press ? or * to list all spells.
Okay, then.
Unknown command.
Casting: Searing Ray (safe; 1% risk of failure)
Confirm with . or Enter, or press ? or * to list all spells.
The spell is quite dangerous to miscast (9% risk of failure)!
Continue anyway?
Aiming: Fulminant Prism (quite dangerous; 9% risk of failure)
Press: ? - help, Dir - move target You conjure a prism of explosive energy!
* * * LOW HITPOINT WARNING * * *
A fulminant prism comes into view.
You hear a loud crackle.
There is an open door here.
Xom grants you insight.
You detect items!
You hear an explosion!
You hear a shout! x6
You reach down and open the door.
There is an open door here.
An orc priest comes into view. It is wielding a +0 flail.
The orc priest invokes the aid of Beogh against you.
Beogh smites you!
You die...
Xom titters!

#####.....#†####+######........#
#.....#......... +........#
#.....#......... #........#
#.....##'####+###+#........#
.....................#####...
.................... #...
................... #...
................... +...
∆...........@....... #...
###.....##'##.....# ....
+.....'...#..o..# ∆ .....
#.....#)..# ...# ......
#....)##### ..# .......)) ## ∆
.......... ..........* ∆
...........Y


You could see an orc priest.

Vanquished Creatures
  2 orc priests (D:3)
  2 iguanas
  An orc wizard (D:3)
  5 adders
  4 gnolls (D:4)
  2 dart slugs
  7 orcs (D:3)
  8 bats
  9 endoplasms
  A giant cockroach (D:1)
  6 goblins
  7 hobgoblins
  9 jackals (D:1)
  A quokka (D:3)
  3 ball pythons
  4 frilled lizards
  7 kobolds
  3 rats
81 creatures vanquished.

Vanquished Creatures (others)
  An orc (D:3)
  A rat (D:3)
  A fulminant prism (D:4)
  A plant (D:2)
4 creatures vanquished.

Grand Total: 85 creatures vanquished

Notes
Turn   | Place    | Note
-------+----------+-------------------------------------------
     0 | D:1      | FIQ the Djinni Conjurer began the quest for the Orb.
     0 | D:1      | Reached XP level 1. HP: 15/15 MP: 0/0
   391 | D:1      | Reached XP level 2. HP: 20/21 MP: 0/0
   797 | D:1      | Reached XP level 3. HP: 15/25 MP: 0/0
   797 | D:1      | Learned a level 1 spell: Sandblast
  1048 | D:1      | Reached skill level 4 in Spellcasting
  1740 | D:2      | Reached XP level 4. HP: 25/31 MP: 0/0
  1936 | D:2      | Found a faded altar of an unknown god.
  2479 | D:2      | Found an ornate altar of the Wu Jian Council.
  2599 | D:3      | Reached XP level 5. HP: 7/35 MP: 0/0
  2599 | D:3      | Learned a level 2 spell: Blink
  2909 | D:3      | Found a shimmering altar of Xom.
  2939 | D:3      | Became a worshipper of Xom of Chaos
  3114 | D:3      | Reached skill level 5 in Spellcasting
  3162 | D:3      | XOM: silly message
  3209 | D:3      | XOM: smoke on damage
  3632 | D:3      | XOM: silly message
  3830 | D:3      | Reached XP level 6. HP: 27/40 MP: 0/0
  4484 | D:4      | Noticed a sky beast
  4487 | D:4      | XOM: divination: detect items
  4490 | D:4      | Killed from afar by an orc priest

Illustrated notes

Levels and vault maps discovered:
D:1:      lemuel_arrival_tunnels, layout_loops_cross, minmay_hedge_maze,
          serial_bayou_pond_e
D:2:      layout_basic, shapermc_ecumenical_altar_gd, basic_altar,
          serial_rivers, chequers_serial_rivers_micro_a,
          chequers_serial_rivers_micro_b, chequers_serial_rivers_micro_a,
          chequers_serial_rivers_room_a, chequers_serial_rivers_marsh,
          chequers_serial_rivers_room_b
D:3:      layout_basic, xom_confusion_cloud
D:4:      layout_gridville, feat_on_display

Skill      XL: |  1  2  3  4  5 |
---------------+----------------+-----
Spellcasting   | 4 5 |  5.8
Dodging        | |  2.1
Stealth        | |  1.5

Action                   |  1- 3 |  4- 6 || total
-------------------------+-------+-------++-------
Melee: Unarmed           |       |     1 ||     1
 Cast: Magic Dart        |    80 |    16 ||    96
       Searing Ray       |       |    29 ||    29
       Dazzling Flash    |       |     1 ||     1
       Fulminant Prism   |       |     1 ||     1
  Use: Potion            |       |     3 ||     3
Armor: Robe              |     3 |     3 ||     6
Dodge: Dodged            |     7 |    16 ||    23

Table legend: (Time is in decaauts)
 A = Elapsed time spent in this place.
 B = Non-inter-level travel time spent in this place.
 C = Inter-level travel time spent in this place.
 D = Time resting spent in this place.
 E = Time spent auto-exploring this place.
 F = Levels seen in this place.
 G = Mean time per level.
                   A        B        C        D        E       F      G
               +--------+--------+--------+--------+--------+-----+--------+
         Total |   4488 |   4415 |     73 |      0 |   4049 |   4 | 1122.0 |
       Dungeon |   4488 |   4415 |     73 |      0 |   4049 |   4 | 1122.0 |
               +--------+--------+--------+--------+--------+-----+--------+

Top non-repeatable levels by time:
     D:1: 1695 daAuts
     D:3: 1608 daAuts
     D:2: 870 daAuts
     D:4: 314 daAuts
